 Dungeon Crawl Stone Soup version 0.25.1-2-g60ff931df9 (webtiles) character file.

Game seed: 14265035359595777118

35026 jperry the Impaler (level 13, -10/122 HPs)
             Began as a Minotaur Berserker on Aug 18, 2020.
             Was the Champion of Trog.
             Mangled by a red ugly thing (18 damage)
             ... on level 14 of the Dungeon.
             The game lasted 00:38:06 (14316 turns).

jperry the Impaler (Minotaur Berserker)            Turns: 14316, Time: 00:38:07

Health: -10/122    AC: 10    Str: 26    XL:     13   Next: 45%
Magic:  12/12      EV: 19    Int:  4    God:    Trog [******]
Gold:   712        SH:  0    Dex: 11    Spells: 12/12 levels left

rFire    . . .     SeeInvis .   V - +8 glaive (vorpal)
rCold    . . .     Gourm    .   (shield currently unavailable)
rNeg     . . .     Faith    .   g - +0 steam dragon scales
rPois    +         Spirit   .   (helmet restricted)
rElec    .         Reflect  .   h - scarf {repulsion}
rCorr    .         Harm     .   B - +0 pair of gloves
MR       .....                  E - +0 pair of boots
Stlth    ++........             x - amulet of regeneration
HPRegen  0.70/turn              G - ring of poison resistance
MPRegen  0.13/turn              d - +4 ring of evasion

@: repel missiles
A: retaliatory headbutt, horns 2
a: Berserk, Trog's Hand, Brothers in Arms, Renounce Religion


You were on level 14 of the Dungeon.
You worshipped Trog.
Trog was exalted by your worship.
You were hungry.

You visited 1 branch of the dungeon, and saw 15 of its levels.

You collected 712 gold pieces.

Inventory:

Hand Weapons
 M - a +3 antimagic bardiche
 R - a +2 scimitar of flaming
 V - a +8 vorpal glaive (weapon)
Armour
 g - +0 steam dragon scales (worn)
 h - a scarf of repulsion (worn)
 v - a +1 leather armour of cold resistance
 B - a +0 pair of gloves (worn)
 E - a +0 pair of boots (worn)
 K - a scarf of repulsion
 U - a +2 leather armour of poison resistance
 X - a +2 cloak
Jewellery
 d - a +4 ring of evasion (right hand)
 e - a +4 ring of protection {unknown}
 o - an uncursed amulet of regeneration
 s - an uncursed ring of protection from fire
 x - an amulet of regeneration (around neck)
 G - a ring of poison resistance (left hand)
 H - a cursed amulet of inaccuracy
 Q - an uncursed ring of stealth
 T - an uncursed amulet of faith
Wands
 t - a wand of disintegration (10)
 I - a wand of digging (5)
 J - a wand of iceblast (14)
 O - a wand of paralysis (8)
 S - a wand of acid (8)
Scrolls
 b - a scroll of fear
 i - 3 scrolls of enchant weapon
 j - 8 scrolls of teleportation
 n - 2 scrolls of identify
 q - 2 scrolls of magic mapping
 u - 2 scrolls of random uselessness
 y - a scroll of fog
 C - 2 scrolls of blinking
 D - 4 scrolls of remove curse
 P - 2 scrolls of immolation
 W - a scroll of torment {unknown}
Potions
 f - 2 potions of degeneration {unknown}
 k - 5 potions of heal wounds
 l - 4 potions of curing {unknown}
 m - 4 potions of might {unknown}
 p - 2 potions of cancellation {unknown}
 r - 4 potions of mutation {unknown}
 w - 4 potions of haste {unknown}
 z - a potion of flight {unknown}
 A - 3 potions of stabbing {unknown}
 F - a potion of berserk rage {unknown}
 L - a potion of lignification {unknown}
 N - a potion of invisibility {unknown}
Comestibles
 a - 5 chunks of flesh
 c - 24 rations


   Skills:
 + Level 13.1 Fighting
 + Level 18.7 Polearms
 + Level 12.2 Armour
 + Level 6.6 Dodging
 + Level 2.6 Stealth
 + Level 0.4 Evocations


You had 12 spell levels left.
You didn't know any spells.
Your spell library was empty.

Dungeon Overview and Level Annotations

Branches:
Dungeon (15/15)            Temple (0/1) D:5            Lair (0/6) D:10
    Orc (0/2) D:11         Vaults (0/5) D:13
 Depths: D:15

Altars:
Cheibriados
Dithmenos
Gozag
Kikubaaqudgha
Makhleb
Nemelex Xobeh
Ru
Vehumet
Xom
The Shining One
Beogh

Shops:
D:4 %

Annotations:
D:13 exclusion: obsidian statue


Innate Abilities, Weirdness & Mutations

You reflexively headbutt those who attack you in melee.
You have a pair of horns on your head.


Message History

You kill the green ugly thing!
Trog accepts your kill.
You are feeling hungry.
The red ugly thing tentacle-slaps you.
You are engulfed in flames!!
The red ugly thing pecks you.
* * * LOW HITPOINT WARNING * * *
You are engulfed in flames!!
* * * LOW HITPOINT WARNING * * *
You see here an ugly thing corpse.
The purple ugly thing basks in the mutagenic energy from its kin and changes!
You hit the red ugly thing.
Your headbutt misses the red ugly thing.
The red ugly thing is lightly wounded.
You slice the red ugly thing!!
The red ugly thing is severely wounded.
The red ugly thing tentacle-slaps you but does no damage.
The red ugly thing pecks you!
* * * LOW HITPOINT WARNING * * *
You are engulfed in flames!!
You die...

.#### #..............##
##......
....######..^........##
#.......
###....#####........##
##.......
####.....#..#....##
#........
####.....######
##........ ####...##
#......... ##...##.u##
##......... #......>uu#
#.......... #########@#
#####...... ### #######


You could see 3 ugly things.

Vanquished Creatures
  2 centaur warriors
  Erica (D:10)
  A death knight (D:13)
  8 two-headed ogres
  3 tengu warriors
  A slime creature (D:14)
  3 unseen horrors
  A wizard (D:13)
  Pikel (D:4)
  A necromancer (D:13)
  2 cyclopes (D:13)
  4 ugly things
  An orc knight (D:14)
  Maurice (D:9)
  The ghost of graki42 the Thaumaturge, a novice DENe (D:5)
  A gargoyle (D:13)
  2 centaur zombies (D:10)
  3 yaktaurs (D:14)
  A komodo dragon (D:13)
  2 tengu conjurers (D:14)
  A merfolk (D:12)
  3 trolls
  11 hippogriffs
  A vampire (D:14)
  2 wyverns
  Eustachio (D:5)
  A spriggan (D:12)
  A wraith (D:14)
  16 yaks
  Grum (D:8)
  A steam dragon (D:13)
  2 hungry ghosts
  4 vampire mosquitoes (D:13)
  2 acid dragons (D:14)
  A soldier ant (D:12)
  3 porcupines (D:10)
  3 water moccasins
  9 ice beasts
  4 sky beasts
  A slave (D:4)
  2 orc warriors
  3 necrophages
  9 ogres
  4 phantoms
  2 eyes of draining
  2 wolves (D:8)
  4 boggarts (D:14)
  13 centaurs
  3 crocodiles (D:10)
  A big kobold (D:9)
  13 bullfrogs
  A gnoll sergeant (D:8)
  5 scorpions
  13 killer bees
  10 wights
  2 howler monkeys
  4 crimson imps
  A bullfrog zombie (D:8)
  5 orc priests
  10 hounds
  4 bullfrog skeletons
  7 orc wizards
  4 centaur skeletons
  6 iguanas
  Ijyb (D:4)
  8 worker ants
  2 hound zombies
  A hound skeleton (D:7)
  3 gnolls (D:8)
  13 adders
  2 shadow imps
  An ooze (D:3)
  2 adder zombies
  3 worms
  4 dart slugs
  7 leopard geckos
  38 orcs
  4 ball pythons (D:3)
  7 bats
  10 giant cockroaches
  5 goblins
  9 hobgoblins
  14 jackals
  4 quokkas
  4 frilled lizards
  2 jackal skeletons
  15 kobolds
  A leopard gecko skeleton (D:4)
  A quokka zombie (D:5)
  3 rats
400 creatures vanquished.

Vanquished Creatures (others)
  An electric eel (D:13)
1 creature vanquished.

Grand Total: 401 creatures vanquished

Notes
Turn   | Place    | Note
-------+----------+-------------------------------------------
     0 | D:1      | jperry the Minotaur Berserker began the quest for the Orb.
     0 | D:1      | Reached XP level 1. HP: 19/19 MP: 0/0
   218 | D:1      | Reached XP level 2. HP: 26/27 MP: 1/1
   572 | D:1      | Reached skill level 4 in Polearms
   997 | D:2      | Reached XP level 3. HP: 33/33 MP: 2/2
  1100 | D:2      | Found a burning altar of Makhleb.
  1100 | D:2      | Found a shimmering altar of Xom.
  1457 | D:2      | Reached ** piety under Trog
  1509 | D:2      | Found a sacrificial altar of Ru.
  1515 | D:2      | Reached XP level 4. HP: 41/41 MP: 3/3
  1945 | D:3      | Reached skill level 5 in Polearms
  2136 | D:3      | Reached XP level 5. HP: 47/47 MP: 4/4
  2457 | D:3      | Found a glowing golden altar of the Shining One.
  2589 | D:4      | Found Madus's Food Shoppe.
  2639 | D:4      | Reached skill level 6 in Polearms
  2689 | D:4      | Reached XP level 6. HP: 54/55 MP: 5/5
  2773 | D:4      | Reached *** piety under Trog
  2773 | D:4      | Reached skill level 5 in Fighting
  2952 | D:4      | Noticed Ijyb
  2953 | D:4      | Paralysed by Ijyb for 7 turns
  2965 | D:4      | Paralysed by Ijyb for 6 turns
  2975 | D:4      | Killed Ijyb
  3058 | D:4      | Noticed a slave
  3058 | D:4      | Noticed a slave
  3059 | D:4      | Noticed Pikel
  3059 | D:4      | Noticed a slave
  3060 | D:4      | Noticed a slave
  3084 | D:4      | Killed a slave
  3087 | D:4      | Killed Pikel
  3087 | D:4      | Reached skill level 8 in Polearms
  3087 | D:4      | Reached skill level 5 in Armour
  3087 | D:4      | Reached XP level 7. HP: 32/62 MP: 6/6
  3274 | D:4      | Found a snail-covered altar of Cheibriados.
  3595 | D:5      | Entered Level 5 of the Dungeon
  3640 | D:4      | Reached XP level 8. HP: 40/70 MP: 7/7
  3840 | D:5      | Found a staircase to the Ecumenical Temple.
  3882 | D:5      | Found a radiant altar of Vehumet.
  3917 | D:5      | Noticed Eustachio
  3950 | D:5      | Killed Eustachio
  3950 | D:5      | Reached skill level 9 in Polearms
  3966 | D:5      | Found a runed translucent door.
  3992 | D:5      | Noticed graki42's ghost (novice DENe)
  4425 | D:5      | Killed graki42's ghost
  4425 | D:5      | Reached skill level 10 in Polearms
  4425 | D:5      | Reached XP level 9. HP: 79/79 MP: 8/8
  4493 | D:6      | Reached **** piety under Trog
  4796 | D:6      | Found a snail-covered altar of Cheibriados.
  4867 | D:6      | Found a shadowy altar of Dithmenos.
  5768 | D:7      | Reached skill level 11 in Polearms
  6692 | D:8      | Found a glowing golden altar of the Shining One.
  6767 | D:8      | Noticed Grum
  6790 | D:8      | Reached XP level 10. HP: 78/88 MP: 9/9
  6809 | D:8      | Killed Grum
  6809 | D:8      | Reached skill level 12 in Polearms
  6815 | D:8      | Reached ***** piety under Trog
  6911 | D:8      | Found an ancient bone altar of Kikubaaqudgha.
  7020 | D:8      | Reached skill level 10 in Armour
  7177 | D:8      | Received a gift from Trog
  7420 | D:9      | Noticed a two-headed ogre
  7503 | D:9      | Noticed Maurice
  7511 | D:9      | Killed Maurice
  7544 | D:9      | Reached skill level 1 in Stealth
  7577 | D:9      | Killed a two-headed ogre
  7577 | D:9      | Reached skill level 13 in Polearms
  7577 | D:9      | Reached skill level 5 in Dodging
  7833 | D:9      | Found an opulent altar of Gozag.
  7895 | D:9      | Found a sparkling altar of Nemelex Xobeh.
  8460 | D:10     | Entered Level 10 of the Dungeon
  8476 | D:10     | Reached XP level 11. HP: 97/97 MP: 3/10
  8492 | D:10     | Noticed Erica
  8514 | D:10     | Killed Erica
  8514 | D:10     | Reached skill level 14 in Polearms
  8673 | D:10     | Reached skill level 10 in Fighting
  8778 | D:10     | Found a staircase to the Lair.
  9435 | D:11     | Reached skill level 15 in Polearms
  9708 | D:11     | Found a staircase to the Orcish Mines.
  9761 | D:11     | Found a roughly hewn altar of Beogh.
  9871 | D:11     | Noticed a red ugly thing
  9879 | D:11     | Killed a red ugly thing
 10033 | D:11     | You fall into a shaft and drop 2 floors!
 10060 | D:13     | Received a gift from Trog
 10119 | D:13     | Noticed a cyan ugly thing
 10123 | D:13     | Killed a cyan ugly thing
 10177 | D:13     | Killed an unseen horror
 10183 | D:13     | Noticed a two-headed ogre
 10191 | D:13     | Killed a two-headed ogre
 10191 | D:13     | Reached XP level 12. HP: 62/108 MP: 11/11
 10293 | D:12     | Reached skill level 16 in Polearms
 10926 | D:12     | Noticed a two-headed ogre
 10932 | D:12     | Killed a two-headed ogre
 11010 | D:11     | You fall into a shaft and drop 3 floors!
 11013 | D:14     | Noticed a centaur warrior
 11020 | D:14     | Killed a centaur warrior
 11128 | D:14     | Noticed a tengu warrior
 11142 | D:14     | Killed a tengu warrior
 11355 | D:13     | Noticed a two-headed ogre
 11363 | D:13     | Killed a two-headed ogre
 11822 | D:13     | Noticed a two-headed ogre
 11824 | D:13     | Noticed a centaur warrior
 11825 | D:13     | Noticed a two-headed ogre
 11826 | D:13     | Killed a two-headed ogre
 11826 | D:13     | Reached skill level 17 in Polearms
 11833 | D:13     | Killed a two-headed ogre
 11837 | D:13     | Killed a centaur warrior
 11882 | D:13     | Found a gate to the Vaults.
 12037 | D:13     | Noticed a two-headed ogre
 12041 | D:13     | Killed a two-headed ogre
 12369 | D:13     | Reached XP level 13. HP: 118/118 MP: 12/12
 12642 | D:13     | Reached skill level 18 in Polearms
 13329 | D:14     | You fall into a shaft and drop 1 floor!
 13329 | D:15     | Entered Level 15 of the Dungeon
 14097 | D:14     | Reached ****** piety under Trog
 14316 | D:14     | Mangled by a red ugly thing

Illustrated notes

Levels and vault maps discovered:
D:1:      minmay_arrival_diagonal_passages, layout_loops_corners
D:2:      layout_loops_cross, lemuel_round_altar, nicolae_overflow_hidden_temple
D:3:      layout_loops_ring, tso_altar, serial_aquarium,
          aquarium_bridge_straight [aquarium_subvault_bridge,
          aquarium_subvault_wall, aquarium_subvault_bridge,
          aquarium_subvault_wall], aquarium_window_1, aquarium_window_corner,
          aquarium_window_corner, aquarium_window_fake, aquarium_view_2e,
          aquarium_pool_2, grunt_decor_mini_mirrors, minmay_close_crescents
D:4:      layout_gridville, lemuel_doored_altar, serial_shops, shop_fountains,
          first_ration, hangedman_decor_diamond_cutter, uniq_pikel, uniq_ijyb
D:5:      layout_rooms, old_standard_altar, minmay_temple_entry_statues_pillars,
          ebering_ghost_sewer_d, uniq_eustachio
D:6:      layout_layer_cave, basic_altar,
          nicolae_dithmenos_through_a_glass_darkly
D:7:      layout_rooms
D:8:      layout_rooms, kiku_gazebo_garden_becter, basic_altar, uniq_grum
D:9:      layout_gridville, old_standard_altar, grunt_gozag_statues,
          uniq_maurice
D:10:     layout_gridville, minmay_lair_entry_grove, uniq_erica
D:11:     layout_irregular_city, minmay_orc_entry_temple_small
D:12:     layout_loops_corners, hangedman_stone_soup
D:13:     minmay_slanted_spiral_squares, layout_long_grid, david_vaults_1,
          dk_noncrumbling_2, minivault_16, lemuel_freeze_loot_1
D:14:     layout_cave_pods, skrybe_limestone_x
D:15:     gammafunk_depths_entry_grave, layout_irregular_city,
          gammafunk_ghost_spectres, nicolae_trove_entry_diagonal,
          minmay_misc_feat_four_crosses

Skill      XL: |  1  2  3  4  5  6  7  8  9 10 11 12 13 |
---------------+----------------------------------------+-----
Fighting       | 4 5 6 7 8 9 10 12 13 | 13.1
Polearms       | 4 5 6 8 10 11 13 15 17 18 | 18.7
Armour         | 3 4 5 7 9 10 11 12 | 12.2
Dodging        | 3 4 5 6 |  6.6
Stealth        | 2 |  2.6
Evocations     | |  0.4

Action                   |  1- 3 |  4- 6 |  7- 9 | 10-12 | 13-15 || total
-------------------------+-------+-------+-------+-------+-------++-------
Melee: Spear             |   107 |   164 |   396 |   145 |       ||   812
       Headbutt          |    17 |    25 |    76 |   101 |    14 ||   233
       Bardiche          |       |       |       |   299 |       ||   299
       Glaive            |       |       |       |   152 |   119 ||   271
Invok: Berserk           |       |     1 |     1 |     2 |       ||     4
Evoke: Wand              |       |       |       |     2 |     1 ||     3
  Use: Scroll            |       |     7 |     3 |     8 |     2 ||    20
       Potion            |       |       |       |       |     1 ||     1
 Stab: Paralysed         |       |       |       |     3 |       ||     3
  Eat: Chunk             |     2 |     6 |    16 |    20 |     2 ||    46
       Ration            |       |       |       |       |     1 ||     1
Armor: Ring mail         |    25 |     9 |       |       |       ||    34
       Animal skin       |     1 |       |       |       |       ||     1
       Chain mail        |       |    44 |    85 |   183 |       ||   312
       Leather armour    |       |       |       |    25 |     5 ||    30
       Steam dragon scal |       |       |       |       |    12 ||    12
Dodge: Dodged            |    38 |    52 |    94 |   377 |    74 ||   635
       Repelled          |     5 |     2 |     2 |    26 |    26 ||    61
